 Dungeon Crawl Stone Soup version 0.27.1-35-g4d5d836560 (webtiles) character file.

Game seed: 11849826598731428141

744 Froggeryz the Cutter (level 7, -3/45 (50) HPs)
             Began as an Octopode Berserker on Sept 18, 2022.
             Was a Priest of Trog.
             Slain by a sky beast (5 damage)
             ... on level 5 of the Dungeon.
             The game lasted 00:06:34 (7160 turns).

Froggeryz the Cutter (Octopode Berserker)           Turns: 7160, Time: 00:06:35

HP:   -3/45 (50)    AC:  1    Str: 16    XL:     7   Next: 76%
MP:   0/7           EV: 13    Int: 10    God:    Trog [***...]
Gold: 327           SH:  0    Dex: 13    Spells: 6/6 levels left

rFire    . . .     SeeInvis .   a - +0 short sword
rCold    . . .     Faith    .   (no shield)
rNeg     + . .     Spirit   +   (helmet restricted)
rPois    .         Reflect  .   m - amulet of guardian spirit
rElec    .         Harm     .   i - ring of flight
rCorr    .         Rampage  .   l - ring of positive energy
Will     .....                  (no ring)
Stlth    +++.......             (no ring)
HPRegen  0.15/turn              (no ring)
MPRegen  0.10/turn              (no ring)
                                (no ring)
                                (no ring)

@: brilliant, flying, heavily drained
A: almost no armour, amphibious, 8 rings, camouflage 1, gelatinous body 1,
(nimble swimmer 1), tentacles
a: Renounce Religion, Berserk, Trog's Hand


You were on level 5 of the Dungeon.
You worshipped Trog.
Trog was most pleased with you.
You visited 1 branch of the dungeon, and saw 6 of its levels.
You also visited: Sewer.

You collected 327 gold pieces.

Inventory:

Hand Weapons
 a - a +0 short sword (weapon)
Missiles
 n - a throwing net (quivered)
 o - 3 javelins
 t - 38 poisoned darts
 z - 6 boomerangs
Jewellery
 i - a ring of flight (left tentacle)
 l - a ring of positive energy (right tentacle)
 m - an amulet of guardian spirit (around mantle)
Wands
 x - a wand of digging (8)
Scrolls
 b - a scroll of silence {unknown}
 c - 2 scrolls of blinking {unknown}
 f - 3 scrolls of noise {unknown}
 g - a scroll of identify
 h - 2 scrolls of magic mapping
 p - a scroll of fog {unknown}
 u - a scroll of brand weapon {unknown}
 v - a scroll of summoning {unknown}
 w - 2 scrolls of enchant weapon
 y - 2 scrolls of teleportation {unknown}
Potions
 d - 2 potions of brilliance
 e - a potion of heal wounds {unknown}
 j - a potion of ambrosia {unknown}
 k - 2 potions of mutation {unknown}
 q - 3 potions of invisibility {unknown}
 r - 2 potions of haste {unknown}
 s - 3 potions of curing {unknown}


   Skills:
 + Level 5.3 Fighting
 * Level 7.1 Short Blades
 - Level 3.0 Dodging
 + Level 3.7 Stealth


You had 6 spell levels left.
You didn't know any spells.
Your spell library was empty.

Dungeon Overview and Level Annotations

Branches:
Dungeon (6/15)             Temple (0/1) D:5           Sewer (visited)

Altars:
Wu Jian

Annotations:
D:5 3 runed translucent doors, Delamore's ghost, novice OpBr


Innate Abilities, Weirdness & Mutations

You cannot wear most types of armour.
You are amphibious.
You can wear up to eight rings at the same time.
Your skin changes colour to match your surroundings (Stealth+).
Your rubbery body absorbs attacks. (AC +1, EV +1)
((You are camouflaged near water. (Stealth+)))
You have tentacles for arms and can constrict up to eight enemies at once.


Message History

The sky beast closely misses you.
A centaur skeleton comes into view.
Okay, then.
You feel the effects of Trog's Hand fading.
The sky beast flickers out of sight!
Deactivating autopickup; reactivate with Ctrl-A.
Your skin stops crawling.
You feel less strong-willed.
The sentinel's mark upon you fades away.
A centaur comes into view.
There is a stone staircase leading up here.
The scorpion closely misses you. Something hits you. Something shocks you.
You fly upwards.
Level annotation: 3 runed translucent doors, Delamore's ghost, novice OpBr Reactivating autopickup.
There is a stone staircase leading down here.
You closely miss the scorpion. You grab the scorpion. You squeeze the scorpion!
The scorpion is moderately wounded.
You constrict the scorpion. The scorpion stings you! Something hits you.
Something shocks you.
Deactivating autopickup; reactivate with Ctrl-A.
You hit the scorpion but do no damage.
The scorpion is heavily wounded.
You constrict the scorpion. The scorpion stings you.
* * * LOW HITPOINT WARNING * * *
You hit the scorpion.
The scorpion is almost dead.
You constrict the scorpion.
A sky beast appears from thin air!
Reactivating autopickup.
The sky beast misses you. The scorpion stings you.
* * * LOW HITPOINT WARNING * * *
Okay, then.
You release your grip on the scorpion.
It was a potion of brilliance.
You feel clever all of a sudden. The scorpion stings you.
* * * LOW HITPOINT WARNING * * *
The sky beast hits you.
* * * LOW HITPOINT WARNING * * *
The sky beast shocks you.
You die...

#.####### ###..........##....
#.......####............##.$[
#######..##...<.........#..#.
##...............######
#######
###.............##....
#.....# #.......##..........
#####.###
##......##.####.....
#...###..s>....#[# ##.....
###......@Y§.....###......
#..##...................
#.####.....#.......#.... ###
##...##.......#....
######............
########..... #..... #.....
#.....


You could see a sky beast and a scorpion.

Vanquished Creatures
  2 ogres
  A phantom (D:5)
  A water moccasin skeleton (D:6)
  An orc priest (D:5)
  2 hounds
  A centaur skeleton (D:5)
  2 iguanas (D:4)
  2 orc wizards
  A hound zombie (D:5)
  8 adders
  4 gnolls (D:2)
  An ufetubus (D:6)
  2 worms (D:2)
  2 dart slugs
  8 orcs
  3 endoplasms
  2 giant cockroaches
  13 goblins
  10 hobgoblins
  8 jackals
  8 ball pythons
  7 bats
  5 frilled lizards
  12 kobolds
  A rat (D:1)
107 creatures vanquished.

Vanquished Creatures (others)
  13 plants (Sewer)
13 creatures vanquished.

Grand Total: 120 creatures vanquished

Notes
Turn   | Place    | Note
-------+----------+-------------------------------------------
     0 | D:1      | Froggeryz the Octopode Berserker began the quest for the
                  | Orb.
     0 | D:1      | Reached XP level 1. HP: 16/16 MP: 1/1
   301 | D:1      | Reached XP level 2. HP: 15/21 MP: 2/2
   949 | D:1      | Reached XP level 3. HP: 22/26 MP: 3/3
  1028 | D:1      | Found a faded altar of an unknown god.
  1224 | D:1      | Reached ** piety under Trog
  1420 | D:1      | Reached skill level 4 in Short Blades
  2095 | D:2      | Reached XP level 4. HP: 32/32 MP: 4/4
  3444 | D:3      | Reached XP level 5. HP: 37/37 MP: 5/5
  3667 | D:3      | Found a glowing drain.
  3683 | Sewer    | Entered a sewer
  3747 | Sewer    | Reached skill level 5 in Short Blades
  4142 | Sewer    | Reached *** piety under Trog
  4656 | D:3      | Found an ornate altar of the Wu Jian Council.
  4945 | D:4      | Noticed an ogre
  4950 | D:4      | Killed an ogre
  4951 | D:4      | Reached XP level 6. HP: 34/44 MP: 3/6
  5244 | D:4      | Reached skill level 6 in Short Blades
  5244 | D:4      | Reached skill level 1 in Stealth
  5851 | D:5      | Entered Level 5 of the Dungeon
  6102 | D:5      | Found a runed translucent gate.
  6102 | D:5      | Found a runed translucent gate.
  6103 | D:5      | Found a runed translucent gate.
  6104 | D:5      | Noticed Delamore's ghost (novice OpBr)
  6117 | D:5      | Reached skill level 5 in Fighting
  6117 | D:5      | Reached XP level 7. HP: 17/50 MP: 1/7
  6411 | D:5      | Found a staircase to the Ecumenical Temple.
  7000 | D:6      | Reached skill level 7 in Short Blades
  7160 | D:5      | HP: 2/45 [sky beast (5)]
  7160 | D:5      | Slain by a sky beast

Illustrated notes

Levels and vault maps discovered:
D:1:      dpeg_arrival_leaves_temple_mockup, layout_basic,
          shapermc_ecumenical_altar_ellora
D:2:      layout_basic, grunt_ministairs_8
D:3:      layout_loops_ring, lemuel_doored_altar, portal_sewer_entry_d,
          due_unseen_surprise
D:4:      layout_basic
D:5:      layout_rooms, minmay_temple_entry_slanted, gammafunk_ghost_necromancy
D:6:      layout_basic

Skill      XL: |  1  2  3  4  5  6  7 |
---------------+----------------------+-----
Short Blades   | 4 5 6 7 |  7.1
Fighting       | 4 5 |  5.3
Stealth        | 2 3 |  3.7
Dodging        | |  3.0

Action                   |  1- 3 |  4- 6 |  7- 9 || total
-------------------------+-------+-------+-------++-------
Melee: Short sword       |    69 |   135 |    51 ||   255
       Constrict         |    19 |    38 |    10 ||    67
       Tentacles         |    17 |    39 |    14 ||    70
Invok: Berserk           |       |     2 |       ||     2
       Trog's Hand       |       |       |     1 ||     1
  Use: Scroll            |       |     4 |       ||     4
       Potion            |       |       |     1 ||     1
 Stab: Sleeping          |     3 |     7 |       ||    10
       Distracted        |       |     1 |       ||     1
Armor: Skin              |    13 |     6 |     1 ||    20
Dodge: Dodged            |    27 |    59 |    21 ||   107
